[Event "IV Estrellas 2022"]
[Site "La Palma"]
[Date "2022.08.11"]
[Round "8.1"]
[White "Martinez Duany, Lelys Stanley"]
[Black "Baskin, Robert"]
[Result "1/2-1/2"]
[ECO "A34"]
[WhiteElo "2497"]
[BlackElo "2408"]
[Annotator "TA"]
[PlyCount "78"]
[EventDate "2022.08.06"]
[EventType "swiss"]
[EventCountry "ESP"]
[SourceTitle "playchess.com"]
[Source "ChessBase"]
[SourceQuality "1"]
[TimeControl "5400+30"]

1. Nf3 Nf6 2. c4 c5 3. Nc3 d5 4. cxd5 Nxd5 5. g3 Nc6 6. Bg2 g6 7. h4 {[%emt 0:03:26] A34: Symmetrical English: 2 Nc3, lines with ...d5.} Bg7 8. h5 $1 Bf5 9. Nxd5 Qxd5 10. d3 {[%emt 0:00:06] [#] Black must now prevent e4.} Qd7 {[%emt 0:03:46] [#]} 11. Be3 $146 ({Predecessor:} 11. Qa4 Nb4 12. Qxd7+ Bxd7 13. Kf1 Be6 14. Ng5 Bd5 15. Bd2 Bxg2+ 16. Kxg2 O-O 17. Bc3 {1-0 (68) Gupta,A (2625)-Abdumalik,Z (2379) Reykjavik 2015}) 11... b6 12. Qd2 Rd8 13. Rc1 Be6 14. Bh6 Bf6 15. b3 Bd5 16. Bg5 Qe6 17. Bxf6 Qxf6 18. Kf1 Nd4 19. Nxd4 Bxg2+ 20. Kxg2 Qxd4 21. hxg6 (21. f3 $14 {feels stronger.}) 21... hxg6 $11 {[%emt 0:00:24] The position is equal.} 22. Rxh8+ Qxh8 $14 {[%emt 0:00:04][%mdl 4096] Endgame KQR-KQR} 23. Qg5 Qd4 24. Rh1 Rd5 25. Qh6 Rf5 26. Qh8+ Kd7 27. Qxd4+ (27. f4 {keeps more tension.} Qe3 28. Qa8 Qxe2+ 29. Kg1) 27... cxd4 $11 {[%emt 0:00:04] KR-KR} 28. Rh4 Rd5 29. Kf3 e5 30. Rh8 Ra5 31. a4 b5 32. axb5 Rxb5 33. Ra8 Rxb3 34. Rxa7+ Ke6 35. g4 Rb2 36. Ra6+ Ke7 37. g5 Rc2 38. Ra7+ Ke6 39. Ra6+ Ke7 {[%emt 0:00:05] Weighted Error Value: White=0.05 (flawless) /Black=0.06 (flawless)} 1/2-1/2

[Event "IV Estrellas 2022"]
[Site "La Palma"]
[Date "2022.08.11"]
[Round "8.2"]
[White "Pap, Misa"]
[Black "Herrera Reyes, Jose Antonio"]
[Result "1-0"]
[ECO "B40"]
[WhiteElo "2375"]
[BlackElo "2345"]
[Annotator "TA"]
[PlyCount "93"]
[EventDate "2022.08.06"]
[EventType "swiss"]
[EventCountry "ESP"]
[SourceTitle "playchess.com"]
[Source "ChessBase"]
[SourceQuality "1"]
[TimeControl "5400+30"]

1. e4 c5 2. Nf3 e6 3. g3 b6 4. Bg2 Bb7 5. d4 cxd4 6. Nxd4 {[%emt 0:00:06] B40: Sicilian: 2...e6, Unusual lines.} a6 7. O-O Qc7 8. c4 {[%emt 0:02:41] [#] White is slightly better.} h5 $146 ({Predecessor:} 8... Nf6 9. Qe2 d6 10. b3 Be7 11. Bb2 O-O 12. Nc3 Nc6 13. Rfd1 Rfe8 14. Rac1 Nxd4 15. Rxd4 {0-1 (41) Spitzl,V (2277)-Trussevich,S (2287) Germany 2018}) 9. Nc3 h4 10. Re1 {[%emt 0:03:15][%cal Oc3d5] Nd5! is the strong threat.} hxg3 11. hxg3 Be7 12. Be3 d6 13. Rc1 Nf6 {[%emt 0:00:07] [#] Prevents Nd5.} 14. f4 (14. Nd5 $1 $16 exd5 15. cxd5) 14... g6 (14... Nbd7 $14) 15. Bf2 (15. f5 $1 $18 gxf5 16. Nd5 exd5 17. cxd5) 15... Nbd7 ({Black should play} 15... e5) 16. Nd5 $1 $36 {[%emt 0:05:08][%mdl 2048] White is in control.} Qd8 (16... exd5 17. cxd5 Nc5 18. b4 $14) 17. e5 {[%emt 0:11:57] 0x0.0005ecfb3c1bdp-1022s more active pieces.} (17. Nxe7 $142 Qxe7 18. e5 Bxg2 19. Kxg2 (19. exf6 $2 Bb7 $19) 19... dxe5 20. fxe5) 17... dxe5 {[%emt 0:08:27] [#]} (17... Nxd5 $2 18. cxd5 dxe5 19. Nc6 Bxc6 20. dxc6 $18) 18. Nxe6 fxe6 19. Nxf6+ {[%emt 0:01:09][%mdl 64] Discovered Attack} Nxf6 20. Bxb7 Rb8 {[%emt 0:07:24] [#]} (20... Qxd1 $16 21. Rcxd1 (21. Rexd1 Rb8 $14) 21... Rb8) 21. Qf3 $1 $18 ({Don't play} 21. Bxa6 $6 Qc7 22. Qf3 e4 23. Rxe4 Nxe4 24. Qxe4 Kf7 $14) 21... Bc5 $2 (21... e4 22. Bxe4 Kf7) 22. Bc6+ Ke7 23. Rcd1 {[%emt 0:09:18] Inhibits Qd2.} e4 24. Bxc5+ ({Less strong is} 24. Rxd8 exf3 25. Rxb8 Rxb8 26. Bxf3 Nd7 27. Bxc5+ Nxc5 $16) 24... bxc5 25. Bxe4 {[%emt 0:00:18] Dancing on a razor blade.} ({Weaker is} 25. Rxd8 exf3 26. Rxh8 Rxh8 $16) 25... Qb6 26. Bxg6 {[%emt 0:06:22] Hoping for f5.} Qxb2 $2 {[%emt 0:01:34] [#]} (26... Kf8 27. b3 Kg7) 27. Rxe6+ $3 Kf8 {[%emt 0:00:27] aiming for ...Qh2+.} 28. Re2 {[%emt 0:00:19] Against Qh2+} Qb7 29. Qxb7 Rxb7 30. Rd8+ Kg7 31. Rxh8 Kxh8 {[%emt 0:00:01][%mdl 4096] Endgame KRB-KRN} 32. Bf5 Rb4 33. Be6 Nh5 (33... Kg7 $142 34. g4 Rb1+ 35. Kf2 a5) 34. Rh2 Rb1+ 35. Kg2 Rb2+ {[%emt 0:00:01] [#]} 36. Kh3 $1 Rxh2+ 37. Kxh2 {[%emt 0:00:05] Kh3 would kill now. KB-KN} Kg7 38. Kg2 a5 39. Kf3 Nf6 40. g4 Ne8 41. Ke4 Kf6 42. Bd7 Nc7 43. g5+ {[%emt 0:00:09] White mates.} Ke7 44. Bc8 a4 45. a3 Na8 46. f5 Nb6 47. Be6 {[%emt 0:00:06] Weighted Error Value: White=0.27 (precise) /Black=0.63} 1-0

[Event "IV Estrellas 2022"]
[Site "La Palma"]
[Date "2022.08.11"]
[Round "8.3"]
[White "Geske, Julian"]
[Black "Kurajica, Bojan"]
[Result "1/2-1/2"]
[ECO "B43"]
[WhiteElo "2386"]
[BlackElo "2525"]
[Annotator "TA"]
[PlyCount "66"]
[EventDate "2022.08.06"]
[EventType "swiss"]
[EventCountry "ESP"]
[SourceTitle "playchess.com"]
[Source "ChessBase"]
[SourceQuality "1"]
[TimeControl "5400+30"]

1. e4 c5 2. Nf3 e6 3. Nc3 a6 4. d4 cxd4 5. Nxd4 Qc7 6. g3 h5 {[%emt 0:03:49] B43: Sicilian: Kan Variation: 5 Nc3.} (6... Bb4 $11 7. Nde2 Be7) 7. Bg2 h4 8. O-O hxg3 9. hxg3 {[%emt 0:00:09][%cal Oe4e5] [#]} Bc5 $146 (9... d6 $11 {keeps the balance.}) ({Predecessor:} 9... Nc6 10. Nxc6 dxc6 11. Be3 e5 12. Na4 b5 13. Nb6 Rb8 14. Nxc8 Rxc8 15. a4 b4 {1-0 (27) Buhmann,R (2584)-Castellanos Rodriguez,R (2501) Katowice 2017}) 10. Bf4 $16 d6 {[%emt 0:09:28] [#]} 11. Nb3 $1 e5 12. Nd5 Qd8 {[%emt 0:01:08] [#]} 13. Bxe5 Bxf2+ (13... dxe5 14. Nxc5) 14. Rxf2 dxe5 15. Qf3 {[%emt 0:06:23][%csl Gf2][%cal Rf3f7] Inhibits Nf6.} Be6 (15... Nf6 $16 {keeps fighting.}) 16. Nc5 $40 {[%emt 0:03:51][%mdl 128] Black is in trouble.} Bxd5 17. exd5 Nf6 18. Nxb7 Qb6 19. Qb3 {[%emt 0:02:13] Really sharp!} Qa7 (19... Nbd7 20. Qxb6 Nxb6) 20. Nd6+ Kf8 21. Nc8 {[%emt 0:06:52] Active counter play!} Qc5 {[%emt 0:10:24] [#]} 22. d6 $1 Qxc8 (22... Rh2 23. Qb7) 23. Bxa8 Nbd7 24. Qb7 ({Less strong is} 24. Bd5 Qc5 $18) 24... Qe8 25. Re1 Ng4 $2 (25... a5 26. Qa6 Ng4) 26. Rf3 {[%emt 0:01:04] Black must now prevent Rc3.} g6 27. Qa7 {[%emt 0:05:37] Strongly threatening Bc6.} Qe6 28. Bc6 Ngf6 29. Bxd7 Nxd7 30. Ref1 f6 31. Rc3 {[%emt 0:00:28] aiming for Rc8+.} Kg7 32. Rc7 $2 (32. Re1 $18) 32... Rh1+ $1 $14 {[%emt 0:00:32][%mdl 64] Decoy} 33. Kxh1 $4 (33. Kf2 $14 Qf5+ 34. Ke3 Rxf1 35. Rxd7+ Kh6 36. Kd2 Rf2+ 37. Ke1 Rf1+ 38. Kd2 Rf2+ 39. Ke1 Rf1+ 40. Kd2) 33... Qh3+ {[%emt 0:00:06][%mdl 32768] Weighted Error Value: White=0.52/Black=0.37. An unexpected result.} 1/2-1/2

[Event "IV Estrellas 2022"]
[Site "La Palma"]
[Date "2022.08.11"]
[Round "8.4"]
[White "Garcia Blanco, Omar"]
[Black "Del Rio De Angelis, Salvador G."]
[Result "0-1"]
[ECO "B28"]
[WhiteElo "2352"]
[BlackElo "2442"]
[Annotator "TA"]
[PlyCount "122"]
[EventDate "2022.08.06"]
[EventType "swiss"]
[EventCountry "ESP"]
[SourceTitle "playchess.com"]
[Source "ChessBase"]
[SourceQuality "1"]
[TimeControl "5400+30"]

1. e4 c5 2. c3 d5 3. exd5 Qxd5 4. d4 e6 5. Nf3 a6 6. Bd3 Nf6 7. O-O Be7 8. Be3 {[%emt 0:01:04] B28: Sicilian: 2 Nf3 a6 (O'Kelly Variation).} Nbd7 9. Qe2 O-O {[%emt 0:03:44] [#]} 10. Nbd2 $146 {[%emt 0:02:27] The position is equal.} ({Predecessor:} 10. Rd1 Qc6 11. Nbd2 b5 12. a4 c4 13. Bc2 Bb7 14. Nf1 Rfe8 15. Ng3 Nb6 16. a5 {1-0 (38) Plotkin,V (2309)-Beider,A Windsor 2016}) 10... b6 11. Nc4 Bb7 12. Nce5 cxd4 13. Bxd4 Nxe5 14. Bxe5 Rfd8 15. Rfd1 {[%emt 0:04:02][%cal Od3h7] [#] Strongly threatening Bxh7+!} Qc6 16. Qc2 Ne4 17. Re1 Ng5 18. Be2 Rd7 19. h4 Qe4 20. Qxe4 Nxe4 21. Rad1 $132 {[%emt 0:00:06][%mdl 2048] White has counterplay} Rxd1 22. Rxd1 Rd8 {[%emt 0:00:15] Prevents Rd7.} 23. Rxd8+ Bxd8 24. Bd4 Nd6 25. g3 f6 26. Be3 e5 27. Kf1 Kf7 28. Ne1 b5 29. Nd3 Nc4 30. Bc1 Bb6 31. b3 Nd6 32. Nb2 Ne4 33. Nd1 Bd5 34. Bd3 g6 35. Ke2 Ba5 36. Bb2 Ke6 37. Ke3 (37. Bc2 $11) 37... f5 $17 38. Ke2 f4 39. c4 bxc4 40. bxc4 Bc6 {[%emt 0:00:35] Black is more active.} 41. gxf4 exf4 42. Bd4 f3+ 43. Kf1 ({Avoid the trap} 43. Ke3 $2 Bd2+ 44. Kxf3 Nc3+ 45. Kg4 Nxd1 $19) 43... Bd8 44. c5 $2 {[%emt 0:00:29][%mdl 8192] This costs White the game.} (44. h5 $17) 44... Kd5 $19 45. Be3 {[%emt 0:00:30] [#]} Bb5 46. Bxb5 axb5 {[%emt 0:00:06][%mdl 4096] Endgame KBN-KBN} 47. h5 gxh5 48. Kg1 Bc7 49. Bh6 Kxc5 50. Ne3 Kd4 51. Nf5+ Kd3 {[%emt 0:00:09] White must now prevent ...Bb6.} 52. Be3 {[%emt 0:00:27] Prevents Bb6.} Be5 53. Kf1 Bf6 {[%emt 0:00:15] aiming for ...b4.} 54. Bb6 h4 55. Be3 h3 {[%emt 0:00:33] ( -> ...h2)} 56. Kg1 Be5 57. Bb6 h2+ 58. Kh1 Ke2 59. Nh4 Nxf2+ 60. Bxf2 Kxf2 61. a4 b4 {[%emt 0:00:33] Weighted Error Value: White=0.55/Black=0.14 (very precise)} 0-1

[Event "IV Estrellas 2022"]
[Site "La Palma"]
[Date "2022.08.11"]
[Round "8.5"]
[White "Perez Bolanos, David"]
[Black "Pierrot, Facundo"]
[Result "0-1"]
[ECO "D07"]
[WhiteElo "2041"]
[BlackElo "2371"]
[Annotator "TA"]
[PlyCount "124"]
[EventDate "2022.08.06"]
[EventType "swiss"]
[EventCountry "ESP"]
[SourceTitle "playchess.com"]
[Source "ChessBase"]
[SourceQuality "1"]
[TimeControl "5400+30"]

1. d4 d5 2. c4 Nc6 3. cxd5 Qxd5 4. e3 e5 5. Nc3 Bb4 6. a3 Bxc3+ 7. bxc3 Nf6 {[%emt 0:04:49] D07: Queen's Gambit: Chigorin Defence.} 8. c4 Qd6 9. d5 Nb8 {[%emt 0:00:05][%cal Bc6b8,Bb8a6,Ba6c5][%mdl 32] White is slightly better.} 10. a4 Na6 11. Nf3 {[%emt 0:13:04] [#]} O-O $146 ({Predecessor:} 11... Bg4 12. Ba3 Nc5 13. Be2 Bxf3 14. Bxf3 e4 15. Be2 O-O 16. O-O Rfe8 17. a5 Nfd7 {1-0 (78) Aczel,G (2549)-Ghannoum,M (2280) Budapest 2018}) 12. Ba3 Nc5 13. Nd2 b6 14. f3 (14. e4 $14) 14... e4 $1 $15 {[%emt 0:10:44] Black is more active.} 15. Nxe4 Nfxe4 16. fxe4 Re8 17. Bd3 Nxd3+ (17... Qf6 18. Bxc5 Qc3+ 19. Kf2 bxc5 20. Rf1 $11) 18. Qxd3 Qf6 19. Rc1 Ba6 20. Kd2 (20. a5 $142) 20... Qg6 $17 21. g3 Rxe4 22. Bb2 Rae8 23. Bd4 c5 24. dxc6 Qxc6 25. Kc3 Bc8 ({Weaker is} 25... Qxa4 26. Ra1 Qc6 27. Rxa6 $17) 26. Kb3 Be6 ({Worse is} 26... Bd7 27. Kb2) 27. Ka3 Qd6+ (27... Bd7 28. Qb3 $17) 28. Kb2 Bd7 {[%emt 0:03:12][%cal Oe4e3] Threatens to win with ...Rxe3!} ({Not} 28... Qb4+ 29. Qb3 Qe7 30. Qa3 $17) 29. Qc3 Bxa4 30. Ra1 $2 {[%emt 0:01:35] [#]} (30. Rhf1) 30... b5 (30... Rxd4 $142 $1 31. Qxd4 Qb4+ 32. Kc1 Rc8 33. Rxa4 Qxa4) 31. cxb5 $19 Bxb5 {[%emt 0:00:09] ...Rb8 is the strong threat.} 32. Qc5 {[%emt 0:00:24] [#]} Qxc5 ({Black should try} 32... Qb8 $1 {Hoping for ...Ba4+.} 33. Qxa7 Qc8) 33. Bxc5 $17 a6 34. Rhc1 h5 35. Bd4 Kh7 36. Rc5 Kg6 37. Rac1 f6 38. R1c2 R8e7 39. Rf2 h4 40. gxh4 Rxh4 41. Rg2+ Kf7 42. Rc1 Rb7 43. Ka3 Rh5 44. Rcg1 {[%emt 0:00:13] [#]} Rh7 45. Rc2 {[%emt 0:01:51] Inhibits Bc6.} Bd7 46. Rgc1 Rh5 47. Rc5 {[%emt 0:00:04] Prevents Ra5+.} Rxc5 48. Rxc5 {[%emt 0:00:07][%mdl 4096] Endgame KRB-KRB} g5 49. Rc2 f5 50. Rg2 Kg6 51. Rc2 Kh5 52. Rg2 Bc6 53. Rg3 Bd5 54. Bf6 g4 55. Be5 Rb1 56. h3 Bf3 57. hxg4+ fxg4 58. Bf4 Kh4 59. Ka2 Rf1 {[%emt 0:00:27] aiming for ...Bd5+.} 60. Be5 a5 61. Bf4 $2 (61. Kb3) 61... Bd5+ $19 62. Kb2 {[%emt 0:00:15] [#]} Rxf4 $1 {[%emt 0:00:08][%mdl 512] Weighted Error Value: White=0.30/Black=0.10 (very precise)} 0-1

[Event "IV Estrellas 2022"]
[Site "La Palma"]
[Date "2022.08.11"]
[Round "8.6"]
[White "Del Rey, Diego"]
[Black "Estremera Panos, Sergio"]
[Result "1/2-1/2"]
[ECO "D60"]
[WhiteElo "2358"]
[BlackElo "2262"]
[Annotator "TA"]
[PlyCount "34"]
[EventDate "2022.08.06"]
[EventType "swiss"]
[EventCountry "ESP"]
[SourceTitle "playchess.com"]
[Source "ChessBase"]
[SourceQuality "1"]
[TimeControl "5400+30"]

1. d4 d5 2. c4 e6 3. Nf3 Nf6 4. Nc3 Be7 5. Bg5 O-O 6. e3 Nbd7 7. Qc2 c6 8. Bd3 dxc4 9. Bxc4 Nd5 10. Bxe7 Qxe7 11. O-O Nxc3 12. Qxc3 b6 13. Rac1 {[%emt 0:01:48] D60: Queen's Gambit Declined: Classical: Unusual White 7th moves.} Bb7 14. Be2 Rac8 15. b4 Ra8 16. a3 a5 17. Ra1 {[%emt 0:05:20] [#]} Rac8 $146 {[%emt 0:58:26] Black got outplayed after the opening.  Weighted Error Value: White=0.11 (very precise) /Black=0.13 (very precise)} (17... Nf6 $11) ({Predecessor:} 17... axb4 18. axb4 c5 19. dxc5 bxc5 20. b5 Qf6 21. Qxf6 gxf6 22. Nd2 Rxa1 23. Rxa1 Ra8 24. Rxa8+ Bxa8 25. g4 Kf8 {1-0 (46) Maksimenko,A (2503)-Zontakh,A (2578) Novi Sad 2000}) 1/2-1/2

[Event "IV Estrellas 2022"]
[Site "La Palma"]
[Date "2022.08.11"]
[Round "8.7"]
[White "Brito Garcia, Alfredo"]
[Black "Pulvett Marin, Daniel Eduardo"]
[Result "0-1"]
[ECO "E90"]
[WhiteElo "2291"]
[BlackElo "2523"]
[Annotator "TA"]
[PlyCount "96"]
[EventDate "2022.08.06"]
[EventType "swiss"]
[EventCountry "ESP"]
[SourceTitle "playchess.com"]
[Source "ChessBase"]
[SourceQuality "1"]
[TimeControl "5400+30"]

1. d4 Nf6 2. c4 c5 3. d5 d6 4. Nc3 g6 5. e4 Bg7 6. h3 O-O 7. Nf3 e6 8. Bd3 Na6 9. O-O e5 $1 {[%emt 0:00:30][%mdl 4] is currently scoring better than 9...Nc7.} 10. Ne1 {[%emt 0:00:30] [#] E90: King's Indian: Classical: Early deviations and 6 h3.} (10. Bg5 $16) 10... Kh8 $146 ({Predecessor:} 10... Nh5 11. Qf3 Nc7 12. g4 Nf6 13. Ng2 h5 14. g5 Nh7 15. Qg3 Qd7 16. Kh2 a6 17. a4 b6 {½-½ (26) Van der Velden,B (2176)-Miettinen,T (2021) Leiden 2019}) 11. a3 Nh5 12. Be2 {[%emt 0:00:30] White is better.} Nf4 13. Bf3 Qg5 14. Kh2 {[%emt 0:00:30] Hoping for g3.} Qe7 15. Nd3 Nxd3 16. Qxd3 f5 17. Bd2 f4 18. Rh1 Nc7 19. Kg1 Ne8 20. Kf1 Nf6 21. Ke1 Bd7 22. Kd1 a6 23. Kc2 b5 24. a4 (24. cxb5 axb5 25. b4 (25. Nxb5 $2 c4 $19) 25... Rfc8 $17) 24... bxc4 25. Qxc4 Rfb8 26. Nb1 $1 Qe8 27. Ba5 Rb4 28. Bxb4 $16 Bxa4+ (28... cxb4 $14 29. Qb3 (29. Qxb4 Nxd5 30. exd5 Rb8 $16) 29... Qc8+ 30. Kd1 Qc5) 29. Kc1 $2 (29. b3 Bb5 30. Qc3 Nxd5 31. exd5 cxb4 32. Qxb4 (32. Qc7 $2 Rc8 $19) 32... e4 33. Qxe4 (33. Nc3 $2 Rc8 $19) 33... Rc8+ 34. Kd2 Qxe4 35. Bxe4 Bxa1 $15) (29. Kd2 $1 $16 Bb5 30. Qb3 cxb4 31. Qxb4) 29... Bb5 $11 30. Qb3 cxb4 31. Qxb4 Nd7 $1 32. Kd2 (32. Qxd6 $2 Bf8 33. Qe6 Qc8+ 34. Nc3 Bb4 $19) 32... Nc5 33. Rc1 Rb8 34. Rxc5 (34. Qa3 $5 ) 34... dxc5 35. Qc3 Ba4 ({Black should try} 35... Bf8 $11) 36. Kc1 (36. Bd1 $14 f3 37. gxf3 (37. Rxa4 $2 fxg2 38. Qg3 Rxb2+ 39. Ke1 Rxb1 $19)) 36... Rb4 37. Na3 Rd4 (37... Kg8 $11) 38. Kb1 ({Better is} 38. Qa5 $16) 38... Qb8 39. Ka2 {[%emt 0:00:30] Against Bb3+} (39. Nc2 $11 {remains equal.}) 39... Rxd5 {[%emt 0:00:30] Black is much more active.} 40. Rc1 (40. exd5 e4 41. Qd2 exf3 42. gxf3 Qb3+ 43. Kb1 c4 $19) (40. b3 $1 $11 Bd7 41. exd5) 40... Rd4 $17 41. Qxc5 Bb3+ $1 42. Kb1 Bg8 $1 {[%emt 0:00:30] A strong pair of Bishops.} 43. Rc3 {[%emt 0:00:30] [#]} (43. Qc2 $17) 43... Rb4 $1 $19 ({Inferior is} 43... Rd2 44. Rc2 Rxc2 45. Nxc2 $17) 44. Rc2 $2 {[%emt 0:00:30] [#]} (44. Nc4) 44... Bf8 $1 45. Qa5 Rb3 {[%emt 0:00:30] ...Rxa3 is the strong threat.} 46. Nc4 (46. Kc1 $142 Bxa3 47. Qxa6) 46... Bxc4 47. Rxc4 Rxb2+ 48. Kc1 Rb1+ {[%emt 0:00:30] Weighted Error Value: White=0.48/Black=0.17 (very precise)} 0-1

[Event "IV Estrellas 2022"]
[Site "La Palma"]
[Date "2022.08.11"]
[Round "8.8"]
[White "Antic, Dejan"]
[Black "Amador Garcia, Ismael"]
[Result "1/2-1/2"]
[ECO "D45"]
[WhiteElo "2452"]
[BlackElo "2128"]
[Annotator "TA"]
[PlyCount "102"]
[EventDate "2022.08.06"]
[EventType "swiss"]
[EventCountry "ESP"]
[SourceTitle "playchess.com"]
[Source "ChessBase"]
[SourceQuality "1"]
[TimeControl "5400+30"]

1. d4 Nf6 2. Nf3 e6 3. c4 d5 4. Nc3 c6 5. e3 Nbd7 6. Qc2 Be7 7. b3 O-O 8. Be2 b6 9. O-O Bb7 10. Bb2 Rc8 11. Rad1 c5 {[%emt 0:06:50] D45: Semi-Slav: 5 e3.} 12. cxd5 exd5 {[%emt 0:10:47] [#]} 13. Qb1 $146 (13. Qf5 {is more complex.} a6 14. dxc5 Nxc5 15. Ng5) ({Predecessor:} 13. dxc5 Nxc5 14. Qf5 g6 15. Qh3 h5 16. Ng5 Rc7 17. Nb5 Bc8 18. Qg3 Rd7 19. Bf3 {0-1 (46) Shishkov,A (2405)-Antonio,J (2277) Chess.com INT 2021}) 13... Re8 14. Rfe1 cxd4 15. Nxd4 Bb4 16. Qa1 Ne5 17. a3 Bxc3 18. Bxc3 Ne4 {[%emt 0:00:08] [#]} 19. Bb2 {[%emt 0:05:14] This bishop pair is nice.} Qh4 20. Rf1 Nc5 21. b4 Na4 22. Nf3 Nxf3+ 23. Bxf3 Nxb2 24. Qxb2 h6 25. Bxd5 Bxd5 26. Rxd5 Qc4 27. Rd7 Red8 (27... a5 $142) 28. Rxa7 $16 {[%emt 0:08:01] White is more active.} Rd5 29. h3 h5 30. Re7 Rcd8 31. Qc1 Qe2 32. Qe1 Qb2 33. Qb1 Qxa3 34. Qe4 {[%emt 0:00:10] [#] Threatens to win with Re8+.} g6 35. Qf4 Rf8 36. Qc4 Qa8 37. e4 Rd2 38. Qb5 Qd8 39. Rb7 Rd1 40. Rxd1 ({Wrong is} 40. Rxb6 $2 Rxf1+ 41. Qxf1 Qxb6 $19) 40... Qxd1+ $14 {[%emt 0:00:02][%mdl 4096] Endgame KQR-KQR} 41. Kh2 Qd6+ 42. e5 Qd4 {[%emt 0:01:15] And now ...Qf4+ would win.} 43. Qxb6 (43. Rxb6 $14 Qf4+ 44. Kg1) 43... Qxe5+ $11 {[%emt 0:00:08] The position is equal.} 44. g3 h4 45. Qe3 Qxe3 46. fxe3 {[%emt 0:00:07] KR-KR} Re8 47. gxh4 Rxe3 48. Rc7 Rb3 49. Rc4 Kg7 50. Kg2 Kf6 51. Kf2 Ke5 {[%emt 0:00:46] Black escapes into a draw.  Weighted Error Value: White=0.11 (very precise) /Black=0.09 (flawless)} 1/2-1/2

[Event "IV Estrellas 2022"]
[Site "La Palma"]
[Date "2022.08.11"]
[Round "8.9"]
[White "Martinez Reyes, Pedro Ramon"]
[Black "Carraminana Lopez, Luis Antonio"]
[Result "1-0"]
[ECO "C41"]
[WhiteElo "2408"]
[BlackElo "1910"]
[Annotator "TA"]
[PlyCount "97"]
[EventDate "2022.08.06"]
[EventType "swiss"]
[EventCountry "ESP"]
[SourceTitle "playchess.com"]
[Source "ChessBase"]
[SourceQuality "1"]
[TimeControl "5400+30"]

1. e4 e5 2. Nf3 Nc6 3. Nc3 Nf6 4. Be2 Be7 5. d4 exd4 6. Nxd4 O-O 7. O-O d6 8. Bf4 {[%emt 0:00:58] C41: Philidor Defence.} Ne5 9. Qd2 Re8 10. Rfe1 {[%emt 0:00:19] White is slightly better.} Bf8 11. Bf1 c6 12. Rad1 {[%emt 0:00:56] [#]} Qb6 $146 ({Predecessor:} 12... Ng6 13. Be3 Qc7 14. f3 Bd7 15. Bg5 Be7 16. Nf5 Bxf5 17. exf5 Ne5 18. Bxf6 Bxf6 {½-½ (66) Siva,M (2333)-Thrish,K (2168) Mumbai 2019}) 13. b3 Bd7 14. Bg5 Be7 15. Be3 {[%emt 0:05:26] Threatens to win with Nf5.} Qc7 16. h3 Ng6 17. Nf5 Bxf5 18. exf5 Ne5 19. Bd4 Rad8 20. a4 (20. Bxa7 $2 b6 21. Bxb6 (21. f4 $2 Ned7 $19) 21... Qxb6 $19) 20... a6 21. Qf4 Bf8 22. Qg3 (22. Ne4 $14) 22... Ned7 $1 $11 23. Bd3 Qb8 24. Ne2 d5 25. Qh4 (25. Qxb8 $11 Rxb8 26. c3) 25... Bc5 $15 26. Bb2 Qa7 27. Nd4 Rxe1+ 28. Rxe1 Re8 (28... Qb6 $11) 29. Rxe8+ $14 Nxe8 30. f6 (30. b4 $14 Qb6 31. Nb5 $1 Bxf2+ 32. Qxf2 axb5 33. axb5) 30... Nexf6 ({Black should play} 30... g6 $1 $15) 31. Nf5 $1 Bf8 32. Qg5 {[%emt 0:00:59][%mdl 1024] Black must now prevent Nh6+. White has compensation.} Kh8 {[%emt 0:00:35] [#]} 33. Qf4 ({White should try} 33. Nh6 $1 $14) 33... Qb8 ({Better is} 33... Qa8 $11) 34. Qh4 (34. Qxb8 $14 Nxb8 35. Nh6 $1) 34... Qe8 $15 35. Kf1 {[%emt 0:00:04][%cal Of5h6,Bg1f1,Bf1e1,Be1d1][%mdl 32] Against Qe1+} Qe6 36. g4 Ne5 37. Be2 Ng6 38. Qg3 Ne4 (38... Qe4 $17 39. Bd3 Qh1+ 40. Ke2 {[#]} Qxh3 $1 41. Qxh3 Nf4+ 42. Ke3 Nxh3 43. Bxf6 gxf6) 39. Qb8 $11 {[%emt 0:02:01][%csl LRb7,LRg7] aiming for Nxg7.} Nd2+ (39... f6 $11 {keeps the balance.}) 40. Ke1 $16 Nf3+ 41. Kd1 {[%emt 0:00:44] Active counter play!} Nfe5 42. Qxb7 (42. f4 $6 Nd7 43. Bxg7+ (43. Qxb7 Nxf4 44. Bf1 h5 $11) 43... Kg8 $14) 42... Nf4 (42... Kg8 $16 {was worth a try.} 43. Qa8 (43. Qxa6 Nf4 $14) 43... Nf4) 43. Qb8 $18 ({Don't play} 43. Bxa6 $6 Kg8 $18) (43. Qxa6 Kg8 $16) 43... Neg6 (43... Nfg6 {keeps fighting.} 44. Bxa6 h5 45. Bxe5 Qxe5 46. Qxe5 Nxe5 47. gxh5 g6) 44. Bxg7+ Kg8 45. Bf3 $40 {[%emt 0:00:01][%mdl 128] White has strong attack. A strong pair of Bishops.} (45. Bxa6 $18 {Bxf8 is the strong threat.} Nxh3 46. Bd4) 45... Nh5 $2 {[%emt 0:01:12] This move loses the game for Black.} (45... Nxh3 $16 46. Bd4 h6 47. Nxh6+ Kh7) 46. Bd4 ({Less strong is} 46. gxh5 Qxf5 47. Bg4 Qxf2 $14) 46... Nf6 47. Qd8 $2 (47. Nh6+ Kg7 48. g5) 47... Ne5 $2 (47... Ne8 {might work better.} 48. Bc3 h6) 48. Be2 c5 49. Bxc5 {[%emt 0:00:17] Weighted Error Value: White=0.45/Black=0.47} 1-0